AoeStats
← zdenekvais

Black Forest

509917023Analyzed
4v4 RM · 2d ago on Sep 28, 2026· 41m 43s· 8 players
Game mode
Random Map
Map size
Large (8 player)
Population
200
Speed
Normal
Resources
Standard
Victory
Conquest
Starting age
Dark Age
Ending age
Imperial Age
RankedLock teamsTeams togetherTeam positionsShared explorationLock speedFull tech treeHidden civsTurbo modeCheats
Victory
Defeat
🇮🇳 Khmer · India
736
+6
🇿🇦 Vietnamese · South Africa
681
+8
🇨🇿 Persians · Czechia
671
+8
🇹🇷 Turks · Türkiye
613
+10
🇨🇿 Byzantines · Czechia
578
-10
🇹🇷 Turks · Türkiye
541
-9
🇺🇸 Teutons · United States
484
-8
🇨🇳 Shu · China
351
-5
Kayak
14:34 Feudal Age
14:35 Man-at-Arms
17:51 Double-Bit Axe
24:05 Castle Age
23:12 Scale Mail Armor
23:56 Stone Mining
25:06 Chain Mail Armor
24:42 Gambesons
24:50 Horse Collar
26:18 Squires
27:53 Wheelbarrow
31:00 Hand Cart
30:50 Heavy Plow
30:47 Gold Mining
31:33 Stone Shaft Mining
30:56 Long Swordsman
31:51 Pikeman
37:15 Bow Saw
40:12 Forging
zdenekvais
11:22 Feudal Age
12:00 Double-Bit Axe
16:28 Horse Collar
17:43 Scale Mail Armor
19:25 Forging
23:30 Fletching
23:41 Padded Archer Armor
29:36 Castle Age
30:07 Scale Barding Armor
29:47 Elite Skirmisher
36:28 Wheelbarrow
36:30 Crossbowman
37:16 Husbandry
38:47 Pikeman
Elite Savage
omerc898
4:42 Loom
16:33 Feudal Age
17:55 Wheelbarrow
17:09 Double-Bit Axe
18:06 Gold Mining
18:44 Stone Mining
20:22 Horse Collar
27:06 Castle Age
26:06 Fletching
26:17 Padded Archer Armor
28:04 Hand Cart
28:54 Bow Saw
29:05 Crossbowman
29:45 Town Watch
31:27 Thumb Ring
Cobrojed
4:47 Loom
10:10 Feudal Age
10:40 Double-Bit Axe
10:37 Horse Collar
12:18 Town Watch
15:26 Wheelbarrow
20:27 Castle Age
19:07 Gold Mining
19:09 Stone Mining
21:19 Bow Saw
21:50 Heavy Plow
25:21 Hand Cart
28:17 Stone Shaft Mining
28:21 Gold Shaft Mining
29:22 Husbandry
29:33 Bloodlines
29:33 Scale Barding Armor
34:36 Imperial Age
32:42 Forging
36:03 Two-Man Saw
35:46 Crop Rotation
35:11 Fletching
35:42 Chain Barding Armor
35:58 Iron Casting
35:23 Scale Mail Armor
35:24 Padded Archer Armor
34:56 Pikeman
35:37 Squires
35:59 Conscription
37:56 Kamandaran
38:17 Elite War Elephant
39:23 Crossbowman
40:17 Thumb Ring
40:04 Elite Skirmisher
41:35 Plate Barding Armor
42:01 Blast Furnace
40:57 Bodkin Arrow
41:23 Town Patrol
gky_ozglu
10:46 Loom
14:08 Feudal Age
20:34 Castle Age
18:49 Stone Mining
22:45 Double-Bit Axe
22:47 Horse Collar
31:39 Imperial Age
29:39 Heavy Plow
32:35 Wheelbarrow
32:39 Ballistics
34:35 Hoardings
34:52 Bow Saw
38:39 Two-Man Saw
37:59 Hand Cart
38:19 Gold Mining
HHH2323
0:37 Loom
12:38 Feudal Age
13:15 Man-at-Arms
20:01 Padded Archer Armor
19:52 Fletching
25:13 Castle Age
27:11 Bodkin Arrow
27:32 Leather Archer Armor
27:55 Ballistics
29:49 Guard Tower
37:33 Imperial Age
<<JOKER>>
0:33 Loom
14:34 Feudal Age
19:02 Castle Age
22:25 Wheelbarrow
23:44 Hand Cart
27:43 Imperial Age
27:02 Bloodlines
26:52 Husbandry
27:05 Forging
27:03 Scale Barding Armor
30:01 Chain Barding Armor
29:32 Fletching
30:05 Fletching
33:19 Bodkin Arrow
34:00 Plate Barding Armor
32:48 Elite Battle Elephant
33:54 Conscription
33:37 Double Crossbow
33:31 Elite Ballista Elephant
41:03 Ballistics
41:44 Chemistry
40:54 Siege Engineers
41:12 Ballistics
41:03 Masonry
Connection lost

Rejoining the realm…

Still unreachable

The connection could not be restored.

Session expired

The server has moved on; the page needs a fresh start.